[Event "*** Titled Tuesday 3|2 Blitz"]
[Site "Chess.com"]
[Date "2015.08.04"]
[Round "6"]
[White "Tobi-Wan-Kenobi"]
[Black "samolo"]
[Result "1-0"]
[WhiteElo "2412"]
[BlackElo "2500"]
[TimeControl "180+2"]
[EndTime "12:48:49 PDT"]
[Termination "Tobi-Wan-Kenobi won by checkmate"]

1. e4 d6 2. d4 Nf6 3. Nc3 g6 4. g3 Bg7 5. Bg2 O-O 6. Nge2 e5 7. h3 exd4 8. Nxd4 a6 9. O-O Re8 10. Nde2 Nc6 11. g4 Rb8 12. Ng3 b5 13. g5 Nd7 14.
f4 Nd4 15. Nd5 c6 16. Ne3 b4 17. h4 a5 18. h5 Ba6 19. Rf2 Qb6 20. hxg6 hxg6 21.
Ng4 c5 22. f5 gxf5 23. Nf6+ Nxf6 24. gxf6 Bxf6 25. c3 bxc3 26. bxc3 Bh4 27. cxd4 Bxg3 28. Rxf5 Kf8 29. Qf3 Bc4 30. Qxg3 cxd4 31. Bh6+ Ke7 32.
Bh3 Be6 33. Bg5+ Kd7 34. Rxf7+ Kc6 35. Rc1+ Kb5 36. Rb1+ Ka6 37. Rxb6+ Rxb6 38. Bxe6 Rxe6 39. Qd3+ Rb5 40. a4 Re5 41. axb5+ Rxb5 42. Rb7 Kxb7 43. Qxb5+ Kc7 44. Qxa5+ Kd7 45. Qd5 d3 46. e5 d2 47.
Qxd6+ Kc8 48. Qxd2 Kc7 49. e6 Kc8 50. e7 Kb7 51. Kg2 Ka6 52. Kf3 Kb5 53. e8=Q+ Kc4 54.
Qc6+ Kb3 55. Qdc2+ Ka3 56. Be7# 1-0

[Event "*** Titled Tuesday 3|2 Blitz"]
[Site "Chess.com"]
[Date "2015.08.04"]
[Round "6"]
[White "BIG_Pirate"]
[Black "Cruel_Yaro"]
[Result "0-1"]
[WhiteElo "2264"]
[BlackElo "2505"]
[TimeControl "180+2"]
[EndTime "12:48:50 PDT"]
[Termination "Cruel_Yaro won on time"]

1. Nf3 Nf6 2. c4 e6 3. Nc3 d5 4. d4 Be7 5. Bf4 O-O 6. e3 b6 7. cxd5 Nxd5 8. Nxd5 exd5 9. a3 c5 10. dxc5 bxc5 11. Be2 Nc6 12. O-O Be6 13. Ne5 Nxe5 14. Bxe5 Bf6 15. Bxf6 Qxf6 16. Qc2 c4 17. b3 Bf5 18.
Qa2 c3 19. Rfd1 c2 20. Rd4 Rac8 21. Rc1 Be4 22. Bd3 Qxd4 23. exd4 Bxd3 24. b4 Rc4 25. Qb3 Bg6 26. Qe3 h6 27. h4 Rfc8 28. Kh2 Rc3 29.
Qe5 Rd3 30. h5 Be4 31. f3 Rd1 32. Qf4 Bd3 33. Kg3 Re8 34. a4 Ree1 35. Rxc2 Bxc2 36. Qb8+ Kh7 37. Qxa7 Re2 38. Qxf7 Rxd4 39. Qc7 Bxa4 40. Qc5 Rdd2 41. b5 Rxg2+ 42. Kf4 Rg5 43. b6 Rb2 44. Qa5 Bd7 45. Qa7 Rf5+ 46. Kg3 Bc6 47. Qc7 Rf6 0-1

[Event "*** Titled Tuesday 3|2 Blitz"]
[Site "Chess.com"]
[Date "2015.08.04"]
[Round "6"]
[White "Fawolizzo"]
[Black "KyronGriffith"]
[Result "1-0"]
[WhiteElo "1910"]
[BlackElo "2221"]
[TimeControl "180+2"]
[EndTime "12:48:59 PDT"]
[Termination "Fawolizzo won by resignation"]

1. e4 c5 2. Nf3 d6 3. d4 cxd4 4.
Nxd4 Nf6 5. Nc3 a6 6. Be2 e5 7. Nb3 Be7 8. O-O b5 9. a3 Bb7 10. f3 Nbd7 11. Be3 Qc7 12. Qe1 O-O 13. Rd1 Rac8 14.
Qf2 Rfe8 15. Kh1 Bf8 16. Rd2 g6 17. Rfd1 Qb8 18. Na5 Ba8 19. a4 bxa4 20. Bxa6 Qxb2 21. Nxa4 Qb4 22. Bxc8 Rxc8 23. Nb6 Nxb6 24. Bxb6 Nh5 25. Nb3 Nf4 26. Ba5 Qc4 27. Bb6 d5 28. exd5 Bxd5 29. Be3 Bb7 30. Bxf4 Qxf4 31. Rd8 e4 32. Rxc8 Bxc8 33.
Qd4 Bb7 34. Nd2 Qc7 35. Nxe4 Be7 36. Nf6+ Kf8 37. Nxh7+ Kg8 38. Nf6+ Kf8 39. Nd5 Bf6 40. Nxf6 Qxc2 41. Nd7+ Kg8 42. Nf6+ Kf8 43. Qd8+ Kg7 44. Ne8+ Kh7 45. Qh4+ Kg8 46. Nf6+ Kg7 47. Nh5+ gxh5 48. Qg5+ Kh7 49. Qxh5+ Kg7 50. Qg4+ Kh7 51. Qh4+ Kg7 52. Qd4+ Kh7 53. Qd3+ Qxd3 54. Rxd3 Kg6 55. Kg1 Ba6 56. Rd6+ 1-0

[Event "*** Titled Tuesday 3|2 Blitz"]
[Site "Chess.com"]
[Date "2015.08.04"]
[Round "6"]
[White "tac49"]
[Black "yurisolo"]
[Result "1-0"]
[WhiteElo "2465"]
[BlackElo "2415"]
[TimeControl "180+2"]
[EndTime "12:49:03 PDT"]
[Termination "tac49 won on time"]

1. e4 c5 2. Nf3 e6 3. d4 cxd4 4. Nxd4 Nc6 5. Nc3 d6 6. f3 Nf6 7. Be3 Be7 8. Qd2 O-O 9. O-O-O a6 10. g4 Nd7 11. h4 Nde5 12. Be2 Nxd4 13. Bxd4 Qc7 14.
f4 Nc4 15. Bxc4 Qxc4 16. g5 b5 17. Kb1 Bb7 18. b3 Qc7 19. f5 b4 20. f6 bxc3 21.
Bxc3 Bxe4 22. fxe7 Rfc8 23. Rh3 Bf5 24. Rf3 Qxe7 25. Qd4 e5 26. Qxd6 Qxd6 27. Rxd6 Bg6 28. Re3 Rc5 29. Kb2 a5 30. Rxe5 Rcc8 31. Rxa5 Rxa5 32. Bxa5 Rxc2+ 33. Ka3 h6 34. Rd2 hxg5 35. Rxc2 Bxc2 36. hxg5 f6 37. gxf6 gxf6 38. Kb4 Kf7 39. Kc5 Ke6 40. Bc3 f5 41. Bd2 Kd7 42. b4 1-0

[Event "*** Titled Tuesday 3|2 Blitz"]
[Site "Chess.com"]
[Date "2015.08.04"]
[Round "6"]
[White "MITerryble"]
[Black "GMG"]
[Result "1-0"]
[WhiteElo "2578"]
[BlackElo "2402"]
[TimeControl "180+2"]
[EndTime "12:49:08 PDT"]
[Termination "MITerryble won by resignation"]

1. d4 e6 2. Nf3 f5 3. h3 Nf6 4. g4 d5 5. c4 c5 6. cxd5 exd5 7. Nc3 Ne4 8. Bg2 Nc6 9. Be3 fxg4 10. hxg4 Bxg4 11. dxc5 Qa5 12. Rh4 h5 13. Rc1 O-O-O 14. Nd4 Be7 15. Rh1 Nxc3 16. Rxc3 Bf6 17. Kf1 Rhe8 18.
Ra3 Qc7 19. Nb5 Qb8 20. f3 d4 21. Bf2 Be6 22. Nd6+ Rxd6 23. cxd6 Bc4 24. d7+ Kxd7 25.
Rd3 Qe5 26. Rd2 Kc7 27. Qc2 Ba6 28. Rh3 h4 29. Bxh4 Bxh4 30. Rxh4 d3 31. Rxd3 Bxd3 32. Qxd3 Qxb2 33. Rg4 Rd8 34. Qe3 Rd1+ 35. Kf2 Qf6 36. Rf4 Qa1 37. Rf7+ Kd8 38. Qg5+ Ke8 39. Rxg7 Qd4+ 40.
Kg3 Qe5+ 41. Qxe5+ Nxe5 42. Rxb7 a5 43. Rb5 Nc4 44.
Rc5 Ne3 45. Re5+ 1-0

[Event "*** Titled Tuesday 3|2 Blitz"]
[Site "Chess.com"]
[Date "2015.08.04"]
[Round "6"]
[White "Tesla37"]
[Black "wonderfultime"]
[Result "1-0"]
[WhiteElo "2543"]
[BlackElo "2636"]
[TimeControl "180+2"]
[EndTime "12:49:17 PDT"]
[Termination "Tesla37 won by resignation"]

1. e4 c5 2. Nf3 Nc6 3. Nc3 e5 4. Bc4 Be7 5. d3 d6 6. Nd2 a6 7. Nf1 Nf6 8. a3 b5 9. Ba2 Be6 10. Nd5 O-O 11. Nfe3 Nd7 12. O-O Bg5 13. c3 Rb8 14. g3 Kh8 15. f4 exf4 16. gxf4 Bh6 17. Kh1 Qh4 18. f5 Bxd5 19. Bxd5 Nce5 20. Ng2 Qh3 21.
Bxh6 Qxh6 22. d4 cxd4 23. cxd4 Nc4 24. b3 Ne3 25. Nxe3 Qxe3 26. Rf3 Qh6 27. Qd3 Rbc8 28. Rg1 Rc1 29. Qe3 Rxg1+ 30. Kxg1 Qh5 31. Bc6 Nf6 32. Qf4 Rc8 33. d5 Rd8 34. Kg2 h6 35.
h3 Kg8 36. Kf2 Kf8 37. Ke3 Kg8 38. Kd3 Kf8 39. Kc3 Qg5 40. Qxg5 Nxe4+ 41. Kb4 Nxg5 42. Re3 g6 43. fxg6 fxg6 44. Ka5 Nf7 45. Kxa6 Ne5 46.
Bb7 Ke7 47. Kxb5 Kd7 48. Kb6 Rf8 49. a4 Rf4 50. a5 Rb4+ 51. Ka7 g5 52. a6 h5 53. Kb8 Kd8 54. Rxe5 dxe5 55. a7 1-0

[Event "*** Titled Tuesday 3|2 Blitz"]
[Site "Chess.com"]
[Date "2015.08.04"]
[Round "6"]
[White "PauloCesarCosta"]
[Black "fpawn"]
[Result "1-0"]
[WhiteElo "2015"]
[BlackElo "2088"]
[TimeControl "180+2"]
[EndTime "12:49:19 PDT"]
[Termination "PauloCesarCosta won by resignation"]

1. Nf3 d5 2. d4 c6 3. c4 e6 4. e3 Nf6 5. Bd3 dxc4 6. Bxc4 b5 7. Bd3 Bb7 8. O-O a6 9. Qe2 c5 10. Rd1 Nbd7 11. Ne5 Qb6 12. Nxd7 Nxd7 13. dxc5 Nxc5 14.
Nc3 Be7 15. Bd2 Nxd3 16. Qxd3 Rd8 17. Qe2 O-O 18. Be1 Qc6 19. f3 Qb6 20. Bf2 Bc5 21. e4 Bxf2+ 22. Qxf2 Qxf2+ 23. Kxf2 f6 24. Ke2 Kf7 25.
Rxd8 Rxd8 26. Rd1 Rxd1 27. Kxd1 e5 28. a3 Ke6 29. Kd2 Bc6 30. Kd3 g5 31. Na2 a5 32.
Nc3 b4 33. axb4 axb4 34. Na2 Bb5+ 35. Ke3 b3 36. Nc3 Bc4 37. g3 h6 38. f4 Kd6 39.
fxg5 fxg5 40. Kf3 Be6 41. Ke3 Kc5 42. Kd3 Bc4+ 43. Ke3 Bf7 44. Kd3 Be6 45. Nb1 Bh3 46. Kc3 Be6 47. Nd2 Bf7 48. Nxb3+ Kb5 49. Nd2 Be6 50.
Nf3 Bc8 51. Nxe5 Bb7 52. Nf7 Bxe4 53. Nxh6 Kc5 54. Nf7 g4 55. Ne5 Bf5 56. Nd3+ Kd5 57. b4 Bd7 58. Nf2 Bc8 59. Kd3 Bf5+ 60. Ke3 Ke5 61. b5 Bc8 62. b6 Kf5 63. Kd4 Bb7 64.
Kc5 Ba8 65. Kd6 Bh1 66. Kc7 Ke5 1-0

[Event "*** Titled Tuesday 3|2 Blitz"]
[Site "Chess.com"]
[Date "2015.08.04"]
[Round "6"]
[White "DeviatkinAndrey"]
[Black "Keaton87"]
[Result "1-0"]
[WhiteElo "2546"]
[BlackElo "2431"]
[TimeControl "180+2"]
[EndTime "12:49:22 PDT"]
[Termination "DeviatkinAndrey won on time"]

1. b3 e5 2. Bb2 Nc6 3. e4 Nf6 4. Nf3 d6 5. d4 exd4 6. Nxd4 Be7 7. Bb5 Bd7 8. O-O O-O 9. Bxc6 bxc6 10. Nc3 c5 11. Nde2 Bc6 12. f3 Nd7 13. Nf4 Bf6 14.
Rb1 g6 15. Ncd5 Bxb2 16. Rxb2 Bxd5 17. Nxd5 Nb6 18. c4 Nxd5 19. Qxd5 Qf6 20. Rd2 a5 21.
e5 Qxe5 22. Qxe5 dxe5 23. Rd5 a4 24. Rxe5 axb3 25. axb3 Rfb8 26. Rb1 Ra5 27. h4 Kg7 28. Kh2 Kf6 29. f4 h5 30. Kg3 Rd8 31. Rbe1 Rd3+ 32. R1e3 Rxe3+ 33. Rxe3 Ra2 34. Re5 Rb2 35. Rxc5 Rxb3+ 36. Kf2 Rc3 37. g3 Ke6 38. Rxc7 f6 39. Rc5 Kf7 40.
Rc8 Ke6 41. Rc5 Kf7 42. Kg2 Ke6 43. Kh3 Kd6 44. Rc8 Ke6 45. Rc7 Kf5 46. Rc6 Rc2 47. c5 g5 48. hxg5 fxg5 49. fxg5 Kxg5 50. Rc8 Rc4 51.
c6 Kg6 52. Kg2 Kf6 53. Kf2 Ke6 54. Ke3 h4 55. Kd3 Rg4 56. gxh4 Rxh4 57. Rd8 Rh7 58. Kd4 1-0

[Event "*** Titled Tuesday 3|2 Blitz"]
[Site "Chess.com"]
[Date "2015.08.04"]
[Round "6"]
[White "Bab3s"]
[Black "WanderingPuppet"]
[Result "1-0"]
[WhiteElo "2133"]
[BlackElo "2173"]
[TimeControl "180+2"]
[EndTime "12:49:33 PDT"]
[Termination "Bab3s won on time"]

1. e4 c5 2. c3 d5 3. exd5 Nf6 4. d4 Nxd5 5. dxc5 e6 6. Nf3 Bxc5 7. Be2 O-O 8. O-O Nc6 9. Nbd2 b6 10. Ne4 Be7 11. a3 Bb7 12. c4 Nf6 13. Nc3 Qb8 14. Bg5 h6 15. Bh4 Nh5 16. Bxe7 Nxe7 17.
Nd4 Nf4 18. Bf3 Rd8 19. Re1 Nf5 20. Ncb5 a6 21. Bxb7 Qxb7 22. Qg4 Ng6 23. Nxe6 fxe6 24. Rxe6 Nfh4 25. Nd6 Qd7 26. Rae1 Rab8 27. g3 Nf8 28. gxh4 Nxe6 29. Nf5 Nd4 30. Nxh6+ Kh8 31. Qg6 Nf3+ 32. Kh1 Nxe1 33. Nf7+ Kg8 34. Ng5 Qd6 35. Qf7+ Kh8 36. Qh5+ Kg8 37. Qf7+ Kh8 38. Qh5+ Qh6 39. Nf7+ Kh7 40.
Nxh6 gxh6 41. Qf5+ Kg7 42. Qg4+ Kf7 43. Qf4+ Kg7 44. h3 Nd3 45. Qg3+ Kh7 46. Qc7+ Kg8 47. b4 Rbc8 48. Qg3+ Kh7 49. Qe3 Rd7 50. Qe6 1-0

[Event "*** Titled Tuesday 3|2 Blitz"]
[Site "Chess.com"]
[Date "2015.08.04"]
[Round "6"]
[White "ajkom197"]
[Black "ER404"]
[Result "0-1"]
[WhiteElo "2244"]
[BlackElo "2090"]
[TimeControl "180+2"]
[EndTime "12:49:41 PDT"]
[Termination "ER404 won by checkmate"]

1. d4 d5 2. Bf4 c5 3. e3 Nc6 4. c3 Nf6 5. Nf3 Qb6 6. Qb3 c4 7.
Qxb6 axb6 8. Na3 Bf5 9. Be2 e6 10. Nb5 Kd7 11. Ne5+ Nxe5 12. dxe5 Ne4 13. O-O Ra5 14.
Nd4 Bg6 15. h3 Be7 16. Rfc1 Rha8 17. a3 b5 18. Rd1 Kc7 19. Rac1 Kb6 20. Nf3 h6 21.
Nd2 Nc5 22. Bg3 Na4 23. Rb1 Bxb1 24. Rxb1 Nc5 25. f3 Nd7 26. f4 f6 27. exf6 Bxf6 28. Bf2 Kc6 29. e4 Nc5 30. exd5+ exd5 31. Nf3 Ne4 32.
Bd4 Bxd4+ 33. Nxd4+ Kc5 34. Bf3 Nd2 35. Rd1 Nxf3+ 36. Nxf3 Re8 37. Kf2 Ra6 38. Ne5 Rae6 39. Kf3 g5 40. g3 gxf4 41. gxf4 Kd6 42. Rd2 b6 43. Rg2 Kc5 44. Rg7 Rxe5 45. fxe5 Rxe5 46. Rg6 h5 47. h4 Re1 48. Rg5 Rb1 49. Rxh5 Rxb2 50. Rg5 Rb3 51. h5 Rxc3+ 52. Kg4 Rxa3 53. h6 Ra8 54. h7 Rh8 55. Rg7 b4 56. Kf3 b3 57. Ke2 Kb4 58. Kd2 b5 59. Kc1 d4 60.
Kb2 d3 61. Rc7 d2 62. Rd7 Rxh7 63. Rxh7 d1=Q 64. Rh2 c3# 0-1

[Event "*** Titled Tuesday 3|2 Blitz"]
[Site "Chess.com"]
[Date "2015.08.04"]
[Round "6"]
[White "Ar4uha"]
[Black "Keranke"]
[Result "1-0"]
[WhiteElo "2414"]
[BlackElo "2522"]
[TimeControl "180+2"]
[EndTime "12:49:54 PDT"]
[Termination "Ar4uha won by resignation"]

1. e4 g6 2. d4 Bg7 3. Nc3 d6 4. f4 a6 5. Nf3 b5 6. a3 Nd7 7. Be3 Bb7 8. Bd3 c5 9. dxc5 Nxc5 10. Bxc5 dxc5 11. e5 Nh6 12. Qe2 O-O 13. Be4 Qb6 14.
Nd5 Bxd5 15. Bxd5 Rad8 16. Be4 c4 17. Qf2 Qa5+ 18. c3 Ng4 19. Qg3 Ne3 20. Ng5 Qb6 21.
Ke2 Nd5 22. Rhd1 e6 23. Bxd5 exd5 24. Qe3 Qc6 25. Nf3 f6 26. Nd4 Qc8 27. e6 Rfe8 28. Kf2 f5 29. Re1 Rd6 30. Rad1 Re7 31. h3 Qb7 32. g4 fxg4 33. hxg4 Bxd4 34. Rxd4 Rexe6 35. Qxe6+ Rxe6 36. Rxe6 Qd7 37. f5 Qc7 38. Kg2 Kf7 39.
Rxd5 gxf5 40. gxf5 Qf4 41. Rde5 h5 42. Re7+ Kf6 43.
R7e6+ Kg5 44. Rg6+ Kh4 45. Rge6 Qg3+ 46. Kf1 Qd3+ 47.
Kf2 Qd2+ 48. Kf3 Qd1+ 49. Ke4 Qd3+ 50. Kf4 Qd2+ 51. Re3 Qxb2 52. f6 Qf2+ 53. Rf3 Qh2+ 54. Kf5 Qc2+ 55. Re4+ 1-0

[Event "*** Titled Tuesday 3|2 Blitz"]
[Site "Chess.com"]
[Date "2015.08.04"]
[Round "6"]
[White "Janosik"]
[Black "arnacman"]
[Result "1-0"]
[WhiteElo "2521"]
[BlackElo "2244"]
[TimeControl "180+2"]
[EndTime "12:50:03 PDT"]
[Termination "Janosik won by resignation"]

1. Nf3 d5 2. c4 c6 3. d4 Nf6 4. e3 a6 5. Bd3 e6 6. Nbd2 c5 7. dxc5 Bxc5 8. O-O O-O 9. cxd5 Qxd5 10. Qe2 Nbd7 11. e4 Qh5 12. h3 b6 13. e5 Nd5 14.
Nb3 Be7 15. Bd2 Bb7 16. Rfe1 Nc5 17. Nxc5 Bxc5 18. Be4 b5 19. Rac1 Bb6 20. Kh2 f5 21.
exf6 Rxf6 22. g4 Qe8 23. Bg5 Rf7 24. Rcd1 Qf8 25. Rd3 Kh8 26. Rf1 Rc8 27. a3 Rc4 28. Bxd5 Bxd5 29. Ne5 Re4 30. Nxf7+ Qxf7 31. Qf3 Bc7+ 32.
Kg1 Rf4 33. Qe2 Rc4 34. f4 h6 35. Bh4 Qg6 36. Bg3 Qf6 37. Kh2 Re4 38. Re3 Bc4 39.
Rxe4 Bxe2 40. Rxe2 g5 41. Ref2 gxf4 42. Bxf4 Bxf4+ 43.
Rxf4 Qxb2+ 44. R1f2 Qxa3 45. Rf8+ Kg7 46. R2f7+ Kg6 47. Rf6+ Kg5 48. Rf3 Qd6+ 49. Kg2 Qd2+ 50. Kg3 Qd6+ 51. R8f4 Kg6 52. h4 Qe7 53. h5+ Kg5 54.
Rf7 Qd6+ 55. Kh3 Qd4 56. R3f5+ 1-0

[Event "*** Titled Tuesday 3|2 Blitz"]
[Site "Chess.com"]
[Date "2015.08.04"]
[Round "6"]
[White "Zlatan56"]
[Black "Genghis_K"]
[Result "1/2-1/2"]
[WhiteElo "2460"]
[BlackElo "2580"]
[TimeControl "180+2"]
[EndTime "12:50:17 PDT"]
[Termination "Game drawn - insufficient material"]

1. c4 e5 2. Nc3 Nf6 3. e3 Nc6 4. a3 g6 5. d4 d6 6. Nf3 exd4 7. exd4 Bg7 8. d5 Ne7 9. h3 O-O 10. Bd3 Bf5 11. O-O Re8 12. Re1 Qd7 13. Bf4 Bxd3 14. Qxd3 Qf5 15. Qxf5 Nxf5 16. Nb5 Rxe1+ 17. Rxe1 a6 18.
Nxc7 Rc8 19. g4 Rxc7 20. gxf5 Rxc4 21. Bxd6 Rc8 22. Re7 Bf8 23. Rc7 Rxc7 24. Bxc7 Nxd5 25. Be5 gxf5 26. Nd4 f6 27. Bb8 Kf7 28. Kg2 Bc5 29. Nxf5 Ke6 30. Ng7+ Kf7 31. Nf5 Ke6 32. Ng7+ Kd7 33.
Nf5 Nb6 34. Ba7 Ke6 35. Ng7+ Kd5 36. Nh5 Nd7 37. Bxc5 Kxc5 38. Kf3 Kc4 39. Ke4 Kb3 40. Kd5 Kxb2 41. Kd6 Nf8 42. Nxf6 Kxa3 43. f4 Ng6 44. f5 Nh4 45. Ke6 b5 46. Nxh7 b4 47. f6 b3 48.
f7 Ng6 49. Kf6 b2 50. Kxg6 b1=Q+ 51. Kg7 Qb2+ 52. Nf6 Qg2+ 53. Ng4 Qxh3 54. f8=Q+ Kb2 55. Qb4+ Qb3 56. Qd2+ Qc2 57. Qb4+ Qb3 58. Qd2+ Kb1 59. Qe1+ Ka2 60. Ne3 Qb7+ 61. Kf6 Qb6+ 62. Ke5 Qb2+ 63. Ke4 Qb1+ 64. Qxb1+ Kxb1 65. Nc4 Kc2 66. Kd5 Kb3 67.
Kc5 a5 68. Nxa5+ 1/2-1/2

[Event "*** Titled Tuesday 3|2 Blitz"]
[Site "Chess.com"]
[Date "2015.08.04"]
[Round "6"]
[White "pKiLz5Rn9b"]
[Black "dretch"]
[Result "0-1"]
[WhiteElo "2405"]
[BlackElo "2530"]
[TimeControl "180+2"]
[EndTime "12:50:24 PDT"]
[Termination "dretch won by resignation"]

1. e4 e6 2. d4 d5 3. Nd2 c5 4. exd5 Qxd5 5. Ngf3 cxd4 6. Bc4 Qd6 7. O-O Nf6 8. Nb3 Nc6 9. Nbxd4 Nxd4 10. Nxd4 a6 11. Bb3 Be7 12. Be3 O-O 13. c3 Nd5 14.
Bd2 e5 15. Nf3 Bg4 16. h3 Bh5 17. Bg5 Nf6 18. Qxd6 Bxd6 19. Nd2 Rad8 20. Rfe1 h6 21. Be3 Bc7 22. a4 Rfe8 23. a5 Nd5 24. Bxd5 Rxd5 25. Nc4 f6 26. b4 Rc8 27. Rac1 Rd3 28. Nb2 Rd5 29. Na4 Be8 30. Nb6 Bxb6 31. Bxb6 Kf7 32. Be3 Bb5 33. f4 exf4 34. Bxf4 g5 35. Be3 Re5 36.
Bd4 Rxe1+ 37. Rxe1 Rd8 38. Kf2 h5 39. Re3 h4 40. g3 Rh8 41. Rf3 hxg3+ 42. Kxg3 Rh6 43. Bc5 Bd7 44. Kh2 f5 45. Re3 Be6 46. Kg2 f4 47. Rd3 Bf5 48. Rd8 Bxh3+ 49. Kg1 Bf5 50. Rf8+ Kg6 51. Rg8+ Kh5 52. Be7 Rg6 53. Rh8+ Kg4 54. Rh2 Be4 55. Re2 Kf5 56. Rh2 Re6 57. Bc5 Bf3 58. Rh8 Kg4 59. Kf2 Re2+ 60. Kf1 Rc2 61. Rg8 Kf5 62. Rf8+ Ke4 63. Be7 Rc1+ 64. Kf2 g4 65.
Bh4 g3+ 66. Bxg3 Rc2+ 0-1

[Event "*** Titled Tuesday 3|2 Blitz"]
[Site "Chess.com"]
[Date "2015.08.04"]
[Round "6"]
[White "Beca95"]
[Black "Hikaru"]
[Result "1/2-1/2"]
[WhiteElo "2575"]
[BlackElo "2850"]
[TimeControl "180+2"]
[EndTime "12:52:43 PDT"]
[Termination "Game drawn by stalemate"]

1. e4 e5 2. Nf3 Nc6 3. Be2 Nf6 4. d3 g6 5. O-O Bg7 6. Nbd2 O-O 7. Re1 d5 8. Bf1 Re8 9. g3 d4 10. c3 dxc3 11. bxc3 b6 12. Qc2 a6 13. a4 Qd7 14. Nc4 Bb7 15. Ba3 b5 16. Ne3 Nd8 17. Rab1 Bc6 18. axb5 axb5 19. Bb4 Nb7 20. c4 Bh6 21. Nd5 Bxd5 22. cxd5 Bf8 23. Rec1 Bxb4 24. Rxb4 Rec8 25. Nxe5 Qe8 26. Nc6 Nd6 27. Rbb1 Nd7 28. Bh3 Ra3 29. e5 Nf5 30. Bxf5 gxf5 31. d4 Nb6 32.
Qxf5 Nxd5 33. Rc5 Rca8 34. Rxd5 Qxc6 35. Rd7 Rf3 36. Qg4+ Kh8 37. d5 Qc3 38. Rxc7 Qxc7 39. Qxf3 Qxe5 40. Rxb5 Kg7 41. Kg2 Ra6 42. Rb4 Rd6 43.
Qg4+ Kf8 44. Rb8+ Ke7 45. Qh4+ Rf6 46. Rb7+ Kf8 47. Rd7 Qf5 48. Qf4 Qxf4 49. gxf4 Rxf4 50. Kg3 Rd4 51. f4 Kg7 52. Kg4 Kg6 53. Rd6+ f6 54. Rd7 h5+ 55. Kf3 Kf5 56. Rd8 Rxf4+ 57. Kg3 Rg4+ 58. Kf3 Rd4 59. Rh8 Kg5 60. Rd8 Kh4 61.
Ke3 Rd1 62. d6 Kg5 63. Ke4 Kg6 64. d7 Kh7 65. Rf8 Rxd7 66. Rxf6 Rd2 67. h3 Rh2 68. Rf3 Kg6 69. Kf4 Ra2 70. Rg3+ Kf6 71. Rd3 Ra4+ 72. Kg3 h4+ 73. Kf3 Ke5 74. Rb3 Rf4+ 75. Ke3 Rf1 76.
Rb5+ Kf6 77. Rh5 Ra1 78. Rxh4 Ra3+ 79. Kf2 Kg7 80. Rg4+ Kh8 81. Kg2 Ra7 82. Kg3 Rh7 83. Rh4 Kg7 84. Rxh7+ Kxh7 85. Kg4 Kh6 86. h4 Kg6 87.
h5+ Kh6 88. Kh4 Kh7 89. Kg5 Kg7 90. h6+ Kh7 91. Kh5 Kh8 92. Kg6 Kg8 93. h7+ Kh8 94. Kh6 1/2-1/2

[Event "*** Titled Tuesday 3|2 Blitz"]
[Site "Chess.com"]
[Date "2015.08.04"]
[Round "6"]
[White "alturas_pacificas"]
[Black "GregShahade"]
[Result "1/2-1/2"]
[WhiteElo "2095"]
[BlackElo "2294"]
[TimeControl "180+2"]
[EndTime "12:53:21 PDT"]
[Termination "Game drawn - insufficient material"]

1. d4 Nf6 2. Bf4 e6 3. e3 c5 4. c3 b6 5. Nf3 Bb7 6. Nbd2 Be7 7.
h3 O-O 8. Bd3 cxd4 9. cxd4 Nc6 10. Rc1 Rc8 11. O-O d6 12. a3 a6 13. Qe2 b5 14. Rc2 Nd5 15. Bg3 Re8 16. Rfc1 Qd7 17.
Ne4 Na5 18. Rxc8 Rxc8 19. Rxc8+ Bxc8 20. b4 Nc6 21. Qc2 Bb7 22. Nc3 Nb6 23. Bxh7+ Kf8 24.
Bd3 Na7 25. Nd2 Qc7 26. Nce4 Qd8 27. Nb3 Nc6 28. Ned2 g6 29. Be4 Qd7 30. h4 Kg7 31.
Bf3 Nd8 32. h5 Bxf3 33. Nxf3 gxh5 34. Bh4 Bxh4 35. Nxh4 Nc4 36. Qe2 Kh6 37. Qa2 Qe7 38.
Nf3 Nc6 39. Nbd2 d5 40. Nxc4 dxc4 41. Qd2 Kg7 42. d5 exd5 43. Qxd5 Qf6 44. Qxh5 c3 45. Qg4+ Qg6 46. Qxg6+ Kxg6 47. Ne1 a5 48. Nc2 Kf5 49.
Kf1 Ke4 50. Ke2 axb4 51. f3+ Kd5 52. axb4 Kc4 53. f4 Nxb4 54. Na3+ Kc5 55. g4 Nd5 56. Kd3 b4 57. Nb1 Nxe3 58. Nxc3 Nxg4 59. Ne4+ Kb5 60. Nd6+ Ka4 61. Nxf7 b3 62. Nd6 Ka3 63. Nc4+ Ka2 64. f5 Nf6 65. Kd4 Nd7 66. Ke4 Nb6 67. Nd2 b2 68. f6 Nc4 69. f7 Nxd2+ 70. Ke3 Nc4+ 71. Kd4 b1=Q 72. f8=Q Na3 73. Qf7+ Ka1 74. Ke5 Qe1+ 75. Kf6 Qf2+ 76. Kg7 Qg3+ 77. Qg6 Qc7+ 78. Qf7 Qc1 79. Qf6+ Ka2 80. Kg6 Nc4 81. Qa6+ Kb3 82. Qb5+ Kc3 83. Qf5 Qg1+ 84. Kf6 Qb6+ 85. Qe6 Qd4+ 86. Kf5 Nd6+ 87.
Kg6 Qd3+ 88. Kf6 Qd4+ 89. Qe5 Ne4+ 90. Kf5 Nd6+ 91. Kf6 Ne8+ 92. Kf5 Ng7+ 93. Kf6 Nh5+ 94. Kf5 Ng7+ 95. Kf6 Qxe5+ 96. Kxe5 1/2-1/2

[Event "*** Titled Tuesday 3|2 Blitz"]
[Site "Chess.com"]
[Date "2015.08.04"]
[Round "7"]
[White "drifblim"]
[Black "Fawolizzo"]
[Result "0-1"]
[WhiteElo "2034"]
[BlackElo "1921"]
[TimeControl "180+2"]
[EndTime "12:58:25 PDT"]
[Termination "Fawolizzo won by resignation"]

1. e4 c5 2. Nf3 d6 3. d4 cxd4 4. Nxd4 Nf6 5. Nc3 a6 6. Be3 Ng4 7. Bg5 h6 8. Bh4 g5 9. Bg3 Bg7 10. Be2 Ne5 11. O-O Nbc6 12. Nf5 Bxf5 13. exf5 O-O 14.
Kh1 Rc8 15. f4 gxf4 16. Bxf4 Kh7 17. Bd3 Nxd3 18. Qxd3 Ne5 19. Bxe5 dxe5 20. Qe4 Bf6 21. Rad1 Qb6 22. b3 Rxc3 0-1

[Event "*** Titled Tuesday 3|2 Blitz"]
[Site "Chess.com"]
[Date "2015.08.04"]
[Round "7"]
[White "BjarkeSahl"]
[Black "Sunil"]
[Result "1-0"]
[WhiteElo "2102"]
[BlackElo "1837"]
[TimeControl "180+2"]
[EndTime "12:58:59 PDT"]
[Termination "BjarkeSahl won on time"]

1. e4 g6 2. d4 Bg7 3. Nc3 d6 4. h4 c5 5. dxc5 Qa5 6. cxd6 Bxc3+ 7. bxc3 Qxc3+ 8. Bd2 Qe5 9. dxe7 Nxe7 10. Bd3 Nbc6 11. Nf3 Qh5 12. Bc3 O-O 13. Ng5 Bg4 14. f3 Bd7 15. g4 Qh6 16. Qd2 f6 17. Bc4+ Kg7 18. Qxd7 Rad8 19. Ne6+ 1-0

[Event "*** Titled Tuesday 3|2 Blitz"]
[Site "Chess.com"]
[Date "2015.08.04"]
[Round "7"]
[White "tac49"]
[Black "Tobi-Wan-Kenobi"]
[Result "1-0"]
[WhiteElo "2473"]
[BlackElo "2389"]
[TimeControl "180+2"]
[EndTime "12:59:25 PDT"]
[Termination "tac49 won by resignation"]

1. e4 c5 2. Nf3 d6 3. d4 cxd4 4. Qxd4 a6 5. Bc4 Nc6 6. Qd3 Nf6 7. Nc3 Bg4 8. Bg5 Bxf3 9. gxf3 Ne5 10. Qe2 Nxc4 11.
Qxc4 Rc8 12. Qb3 Qc7 13. O-O-O e6 14. Bxf6 gxf6 15. Kb1 Rg8 16. f4 b5 17. Rd4 Bh6 18.
f5 Ke7 19. Rhd1 Bf4 20. Ne2 Be5 21. R4d2 Qc4 22. f4 Qxe4 23. fxe5 fxe5 24. fxe6 fxe6 25.
Rxd6 Rc6 26. Qxe6+ 1-0

[Event "*** Titled Tuesday 3|2 Blitz"]
[Site "Chess.com"]
[Date "2015.08.04"]
[Round "7"]
[White "Tal-Baronfew"]
[Black "FairChess_on_YouTube"]
[Result "1-0"]
[WhiteElo "2816"]
[BlackElo "2721"]
[TimeControl "180+2"]
[EndTime "12:59:28 PDT"]
[Termination "Tal-Baronfew won by checkmate"]

1. d4 d5 2. c4 c6 3. e3 Nf6 4.
Bd3 e5 5. Nc3 exd4 6. exd4 Be6 7. cxd5 Nxd5 8. Nf3 Be7 9. O-O Nd7 10. Re1 O-O 11. Bd2 Bf6 12. Rc1 Re8 13. h3 Nxc3 14.
bxc3 Nb6 15. Re2 Bd5 16. Rxe8+ Qxe8 17. Nh2 Qe6 18. Ng4 Nc4 19. Rc2 Re8 20. Nxf6+ Qxf6 21. Bc1 b5 22. Re2 Re6 23. Qe1 h6 24. Rxe6 Bxe6 25.
Qe4 Bd5 26. Qe8# 1-0

[Event "*** Titled Tuesday 3|2 Blitz"]
[Site "Chess.com"]
[Date "2015.08.04"]
[Round "7"]
[White "facu57"]
[Black "pKiLz5Rn9b"]
[Result "1-0"]
[WhiteElo "2410"]
[BlackElo "2397"]
[TimeControl "180+2"]
[EndTime "12:59:29 PDT"]
[Termination "facu57 won by resignation"]

1. d4 e6 2. Nf3 Nf6 3. Bg5 d5 4. Nbd2 Be7 5. e3 c5 6. Bd3 Nc6 7. c3 O-O 8. Qa4 c4 9. Bb1 Ne8 10. Qc2 f5 11. Bxe7 Qxe7 12. b3 Nd6 13. bxc4 dxc4 14.
a4 Bd7 15. Ba2 Na5 16. Ne5 Rac8 17. g4 f4 18. h4 fxe3 19. fxe3 Be8 20. Bb1 g6 21. h5 g5 22. Ndf3 Nb3 23. Ra2 Rxf3 24. Nxf3 Bc6 25. O-O Rf8 26. Qd1 Ne4 27. Bxe4 Bxe4 28.
Raf2 b5 29. axb5 Ba8 30. Ne5 Rxf2 31. Rxf2 Qb7 32. Nc6 Qxb5 33. Qf3 1-0

[Event "*** Titled Tuesday 3|2 Blitz"]
[Site "Chess.com"]
[Date "2015.08.04"]
[Round "7"]
[White "WarlordX"]
[Black "zmaj23"]
[Result "0-1"]
[WhiteElo "2204"]
[BlackElo "2488"]
[TimeControl "180+2"]
[EndTime "12:59:31 PDT"]
[Termination "zmaj23 won by resignation"]

1. Nf3 Nf6 2. g3 b5 3. Bg2 Bb7 4. d4 e6 5. O-O Be7 6. a4 a6 7. axb5 axb5 8. Rxa8 Bxa8 9. Nc3 b4 10. Nb1 O-O 11. Bf4 d6 12. c3 bxc3 13. bxc3 Nbd7 14.
Nbd2 Re8 15. Qb3 Bf8 16. Ra1 e5 17. dxe5 dxe5 18. Ng5 Bxg2 19. Kxg2 Qe7 20. Be3 Ng4 21. Ngf3 Nxe3+ 22. fxe3 Qc5 23. c4 Nf6 24. h3 e4 25.
Nd4 Qh5 26. Qb5 c5 27. g4 Qg5 28. Nf5 Re5 29. Qb3 Rxf5 30. Ra7 Nxg4 0-1